Map: Eastwatch LE

Players

lllGGGXIII - Winner!

  • Race: Zerg Zerg
  • Spawn Location: 7:00

BobbyAwesome

  • Race: Protoss Protoss
  • League: Diamond
  • Spawn Location: 1:00

VOD

Have the link to the VOD?

Description

Time

  • Played on: May 13, 2018, 5:55 a.m.
  • Length: 14:50
Show
View Real Time Build Order
Export as new Build Order

lllGGGXIII Zerg - Winner!

Build Orders: Pool First 

Get SALT Encoding   

  12  0:03  Drone  
  13  0:13  Drone  
  14  0:27  Spawning Pool  
  13  0:29  Drone  
  14  0:38  Overlord  
  14  0:52  Drone, Extractor  
  15  1:13  Zergling x2  
  15  1:14  Zergling x4  
  18  1:21  Hatchery  
  18  1:25  Drone  
  18  1:35  Drone  
  19  1:40  Extractor  
  19  1:44  Queen  
  19  1:46  Drone  
  21  1:59  Drone  
  22  2:07  Overlord  
  22  2:28  Zergling x2  
  23  2:34  Drone, Queen  
  25  2:41  Metabolic Boost  
  25  2:44  Drone  
  25  2:48  Spine Crawler  
  24  2:54  Drone  
  25  2:59  Spine Crawler  
  24  3:06  Evolution Chamber  
  24  3:08  Drone x2  
  24  3:09  Drone  
  26  3:17  Overlord  
  26  3:22  Zergling x4  
  28  3:32  Zerg Melee Weapons Level 1  
  28  3:40  Roach Warren  
  27  3:51  Drone x4  
  27  3:52  Drone x2  
  32  4:04  Zergling x8  
  36  4:11  Spine Crawler  
  32  4:17  Zergling x4  
  32  4:18  Zergling x4  
  32  4:20  Drone  
  34  4:27  Zergling x2  
  34  4:28  Zergling x6  
  36  4:36  Drone, Queen  
  36  4:51  Spore Crawler  
  36  4:52  Drone  
  35  5:20  Overlord  
  35  5:21  Overlord x2  
  35  5:41  Hatchery  
  35  5:42  Drone x3  
  37  5:45  Zergling x2  
  37  5:46  Zergling x10  
  43  5:51  Drone x3  
  46  5:57  Spine Crawler  
  46  5:58  Queen  
  46  6:01  Drone  
  46  6:03  Zergling x2  
  49  6:28  Roach x2  
  49  6:29  Roach x2  
  49  6:31  Roach  
  49  6:32  Overlord x3  
  59  6:48  Zergling x2  
  55  7:02  Ravager  
  53  7:21  Drone  
  53  7:22  Drone x14  
  68  7:41  Spine Crawler  
  68  7:43  Spine Crawler  
  66  7:45  Extractor  
  66  7:46  Extractor  
  66  7:48  Spine Crawler x2  
  66  7:49  Spine Crawler, Extractor  
  56  8:00  Baneling Nest  
  56  8:05  Spine Crawler  
  56  8:06  Spine Crawler  
  56  8:11  Zergling x6  
  56  8:12  Zergling x24  
  70  8:24  Spore Crawler  
  70  8:26  Spine Crawler  
  68  8:27  Spine Crawler x2  
  68  8:29  Drone, Spine Crawler  
  63  8:58  Zergling x16  
  63  8:59  Zergling x10  
  68  9:04  Zergling x2  
  68  9:08  Roach x4  
  68  9:11  Zergling x2  
  68  9:18  Baneling  
  68  9:19  Baneling x9  
  68  9:22  Baneling  
  68  9:23  Baneling  
  48  9:50  Baneling x4  
  48  9:51  Zergling x2  
  48  9:52  Zergling x12  
  54  9:53  Zergling x10  
  54  10:05  Zergling x2  
  54  10:06  Zergling x8  
  40  10:14  Zergling x2  
  40  10:15  Zergling x2  
  41  10:29  Drone  
  41  10:30  Drone x3  
  45  10:36  Drone  
  45  10:37  Lair  
  43  10:53  Drone x3  
  46  11:00  Hatchery  
  46  11:03  Drone x7  
  52  11:11  Hatchery  
  52  11:17  Extractor  
  51  11:18  Extractor  
  49  11:28  Zerg Missile Weapons Level 1  
  49  11:29  Roach x2  
  49  11:30  Hatchery  
  50  11:36  Zergling x6  
  50  12:12  Spire  
  50  12:14  Zergling x6  
  50  12:15  Zergling x6  
  54  12:26  Drone  
  54  12:27  Drone  
  56  12:43  Drone  
  58  12:58  Drone  
  58  13:11  Overlord x2  
  58  13:12  Overlord  
  58  13:15  Hatchery  
  57  13:26  Mutalisk  
  57  13:27  Mutalisk x5  
  69  13:48  Mutalisk x2  
  69  13:49  Mutalisk x2  
  77  14:00  Mutalisk  
  78  14:03  Zergling x12  
  78  14:04  Zergling x2  
  85  14:15  Drone x2  
Show
View Real Time Build Order
Export as new Build Order

BobbyAwesome Protoss 

Build Orders:  

Get SALT Encoding   

  12  0:01  Probe  
  13  0:13  Pylon  
  13  0:22  Assimilator  
  13  0:32  Gateway, Probe  
  13  0:40  Probe  
  15  0:50  Probe  
  16  1:02  Probe  
  17  1:14  Gateway, Probe  
  18  1:20  Cybernetics Core  
  18  1:27  Zealot  
  18  1:31  Probe  
  21  1:43  Probe  
  22  1:48  Pylon  
  22  1:55  Probe  
  22  1:57  Stalker x2  
  27  2:08  Warp Gate  
  27  2:10  Probe  
  28  2:20  Pylon  
  28  2:33  Probe  
  28  2:36  Adept  
  31  2:38  Adept  
  33  2:45  Probe  
  33  2:48  Assimilator  
  34  2:52  Pylon  
  34  2:57  Probe  
  35  3:06  Adept x2  
  35  3:10  Probe  
  40  3:22  Robotics Facility, Probe  
  42  3:34  Probe  
  42  3:39  Adept x2  
  46  3:51  Pylon  
  38  4:32  Warp Prism  
  38  4:38  Gateway  
  38  4:39  Gateway  
  38  4:40  Gateway  
  38  4:43  Gateway  
  36  4:46  Adept x2  
  38  5:10  Pylon  
  38  5:13  Adept x2, Immortal  
  46  5:30  Pylon  
  46  5:34  Adept x4  
  54  5:40  Pylon  
  54  5:49  Immortal  
  58  6:01  Adept x4  
  66  6:26  Sentry  
  66  6:27  Sentry  
  70  7:07  Sentry  
  68  7:22  Pylon  
  68  7:24  Pylon  
  68  7:31  Pylon  
  68  7:33  Pylon  
  68  7:34  Immortal  
  68  7:42  Pylon, Sentry x3  
  78  8:07  Sentry x2  
  78  8:08  Sentry  
  84  8:16  Immortal  
  88  8:32  Zealot x5  
  79  9:01  Zealot x2  
  42  9:28  Adept  
  12  10:51  Probe  
  10  12:29  Probe  
  11  12:38  Sentry  
  13  13:26  Probe  
  14  14:05  Sentry  
Tags
 
Add a new tag
Caveats
  • Supply blocks, unpowered buildings, or Contaminate may cause inaccurate times.
  • Supply counts are checked every 10 seconds.